 Dungeon Crawl Stone Soup version 0.29-a0-1027-gcd8c55af63 (webtiles) character file.

Game seed: 8218255234061786800

346 RaspberryAmber the Trooper (level 6, -4/62 HPs)
             Began as a Naga Fighter on Aug 13, 2022.
             Slain by an iguana (9 damage)
             ... on level 4 of the Dungeon.
             The game lasted 00:04:23 (4276 turns).

RaspberryAmber the Trooper (Naga Fighter)           Turns: 4276, Time: 00:04:23

Health: -4/62      AC:  6    Str: 19    XL:     6   Next: 59%
Magic:  6/6        EV:  5    Int:  8    God:
Gold:   151        SH:  5    Dex: 18    Spells: 5/5 levels left

rFire   . . .      SeeInvis +   a - +0 war axe
rCold   . . .      Faith    .   c - +0 buckler
rNeg    . . .      Spirit   .   i - +0 chain mail
rPois   +          Reflect  .   (no helmet)
rElec   .          Harm     .   (no cloak)
rCorr   .          Rampage  .   (no gloves)
Will    .....                   (no barding)
Stlth   ..........              (no amulet)
HPRegen 0.20/turn               n - +6 ring of dexterity
MPRegen 0.10/turn               (no ring)

@: lethally poisoned (-4 -> -7), very slow
A: AC +2, large, see invisible, deformed body, poison resistance, slowness 2,
spit poison 1, naga tail 1
a: Spit Poison


You were on level 4 of the Dungeon.
You visited 1 branch of the dungeon, and saw 4 of its levels.

You collected 151 gold pieces.

Inventory:

Hand Weapons
 a - a +0 war axe (weapon)
 r - a +1 whip of electrocution
Armour
 c - a +0 buckler (worn)
 i - a +0 chain mail (worn)
Jewellery
 m - an amulet of guardian spirit
 n - a +6 ring of dexterity (left hand)
 q - a ring of protection from fire
Scrolls
 b - a scroll of blinking {unknown}
 f - a scroll of fear {unknown}
 h - a scroll of butterflies {unknown}
 k - a scroll of enchant armour {unknown}
 p - a scroll of teleportation {unknown}
 t - a scroll of identify {unknown}
 u - 3 scrolls of noise {unknown}
Potions
 d - a potion of curing {unknown}
 e - a potion of heal wounds {unknown}
 g - 4 potions of degeneration {unknown}
 j - 2 potions of resistance {unknown}
 l - a potion of mutation {unknown}
 o - a potion of invisibility {unknown}
 s - a potion of brilliance {unknown}


   Skills:
 * Level 6.2 Fighting
 - Level 2.0(2.8) Axes
 * Level 2.9(3.2) Maces & Flails
 - Level 2.4 Armour
 + Level 1.4 Stealth
 - Level 2.7 Shields


You had 5 spell levels left.
You didn't know any spells.
Your spell library contained the following spells:

 Spells                   Type           Power      Damage    Failure   Level
 Iskenderun's Battlesphe  Conj           0%         2d6       100%        5
 Iron Shot                Conj/Erth      0%         9d1       100%        6
 Spellforged Servitor     Conj/Summ      0%         N/A       100%        7


Dungeon Overview and Level Annotations

Branches:
Dungeon (4/15)
 Temple: D:4-7

Altars:
Qazlal


Innate Abilities, Weirdness & Mutations

Your serpentine skin is tough. (AC +2)
You have supernaturally acute eyesight. (SInv)
Armour fits poorly on your strangely shaped body.
Your system is resistant to poisons. (rPois)
You cover ground very slowly.
You can spit poison.
You have a snake-like lower body.


Message History

You hit the iguana but do no damage.
The iguana is almost dead.
You hit the scorpion.
You hear an angry hiss.
The scorpion stings you. The iguana barely misses you.
You block the scorpion's attack.
You barely miss the iguana.
The iguana is almost dead.
You barely miss the scorpion. The scorpion closely misses you.
The iguana bites you! The scorpion stings you.
You are poisoned.
The scorpion poisons you! You block the iguana's attack.
You barely miss the iguana.
The iguana is almost dead.
You barely miss the goblin. You barely miss the scorpion.
You feel very sick.
An adder comes into view.
You block the scorpion's attack. The iguana bites you!
* * * LOW HITPOINT WARNING * * *
The goblin hits you but does no damage.
You barely miss the goblin. You hit the iguana but do no damage.
You closely miss the scorpion.
You feel sick. The scorpion stings you.
* * * LOW HITPOINT WARNING * * *
You block the iguana's attack. The goblin hits you with a +0 club.
* * * LOW HITPOINT WARNING * * *
The scorpion stings you.
* * * LOW HITPOINT WARNING * * *
You slash the goblin!
You kill the goblin!
You hit the scorpion but do no damage. You closely miss the iguana.
You feel sick.
The iguana bites you but does no damage.
The scorpion barely misses you. The adder bites you.
* * * LOW HITPOINT WARNING * * *
The iguana barely misses you. You block the scorpion's attack.
You barely miss the adder. You closely miss the iguana.
You closely miss the scorpion.
You feel sick. The adder barely misses you.
The scorpion stings you but does no damage.
The iguana bites you!
You die...

........#..#.....#
...........#...##
..............#
###...........#
#.....#.#...#
#.....#.....#
##.....##....#
#.$s...##....#
#.@l...###..s#
#S..#### #.....
....... #...##
#.#####.# #...# #.
$.. #.#.# # #.# .#
#


You could see a scorpion, an iguana and an adder.

Vanquished Creatures
  A phantom (D:3)
  A necrophage (D:3)
  An iguana (D:4)
  Terence (D:2)
  Robin (D:3)
  4 adders
  2 river rats (D:3)
  2 worms (D:3)
  A dart slug (D:1)
  2 orcs
  9 ball pythons
  7 bats
  6 endoplasms
  2 giant cockroaches
  16 goblins
  4 hobgoblins
  4 jackals (D:3)
  5 kobolds
  3 quokkas
  2 frilled lizards (D:1)
  A hobgoblin zombie (D:4)
  5 rats
80 creatures vanquished.

Notes
Turn   | Place    | Note
-------+----------+-------------------------------------------
     0 | D:1      | RaspberryAmber the Naga Fighter began the quest for the
                  | Orb.
     0 | D:1      | Reached XP level 1. HP: 21/21 MP: 1/1
   270 | D:1      | Reached XP level 2. HP: 23/28 MP: 2/2
   472 | D:1      | Reached skill level 1 in Maces & Flails
   668 | D:1      | Found a faded altar of an unknown god.
   670 | D:1      | Noticed an eye of devastation
   674 | D:1      | Noticed a shining eye
   676 | D:1      | Reached XP level 3. HP: 36/36 MP: 3/3
   687 | D:1      | Noticed a floating eye
   691 | D:1      | Noticed an eye of devastation
  1667 | D:2      | Reached skill level 4 in Fighting
  1669 | D:2      | Noticed Terence
  1682 | D:2      | Killed Terence
  1683 | D:2      | Reached XP level 4. HP: 8/44 MP: 4/4
  2058 | D:2      | Found a stormy altar of Qazlal.
  2415 | D:3      | Noticed a phantom
  2424 | D:3      | Killed a phantom
  2425 | D:3      | Reached skill level 5 in Fighting
  2425 | D:3      | Reached XP level 5. HP: 37/52 MP: 5/5
  2518 | D:3      | Reached skill level 1 in Stealth
  2581 | D:3      | Noticed Robin
  2599 | D:3      | Killed Robin
  3321 | D:3      | Reached XP level 6. HP: 22/61 MP: 6/6
  3548 | D:3      | Reached skill level 6 in Fighting
  4276 | D:4      | Slain by an iguana

Illustrated notes

Levels and vault maps discovered:
D:1:      minmay_arrival_jagged, layout_basic,
          hellmonk_ecumenical_altar_watching_god, minmay_vboxes
D:2:      layout_basic, basic_altar, nicolae_figureground_sparkle, uniq_terence
D:3:      layout_rooms, portal_sewer_entry_e, serial_co_window_serial,
          co_window_cross_1, co_window_of_opportunity_a, co_window_paths_b,
          co_window_corner_a, co_window_paths_a, co_window_corner_b,
          co_window_2corner, co_window_corner_b, co_window_2corner,
          co_window_4corner_a, uniq_robin
D:4:      layout_basic, temple_green, serial_shops, shop, enter_ossuary_4,
          minmay_mini_ossuary

Skill      XL: |  1  2  3  4  5  6 |
---------------+-------------------+-----
Maces & Flails | 1 2 |  2.9
Fighting       | 4 5 6 |  6.2
Stealth        | 1 |  1.4
Axes           | |  2.0
Armour         | |  2.4
Shields        | |  2.7

Action                   |  1- 3 |  4- 6 || total
-------------------------+-------+-------++-------
Melee: War axe           |    76 |   161 ||   237
  Use: Potion            |     1 |       ||     1
Armor: Scale mail        |    37 |       ||    37
       Chain mail        |    11 |   106 ||   117
Dodge: Dodged            |    25 |    64 ||    89
Block: Buckler           |    16 |    54 ||    70

Table legend: (Time is in decaauts)
 A = Elapsed time spent in this place.
 B = Non-inter-level travel time spent in this place.
 C = Inter-level travel time spent in this place.
 D = Time resting spent in this place.
 E = Time spent auto-exploring this place.
 F = Levels seen in this place.
 G = Mean time per level.
                   A        B        C        D        E       F      G
               +--------+--------+--------+--------+--------+-----+--------+
         Total |   5271 |   5143 |    128 |     29 |   4399 |   4 | 1317.8 |
       Dungeon |   5271 |   5143 |    128 |     29 |   4399 |   4 | 1317.8 |
               +--------+--------+--------+--------+--------+-----+--------+

Top non-repeatable levels by time:
     D:3: 2153 daAuts
     D:1: 1667 daAuts
     D:2: 1230 daAuts
     D:4: 219 daAuts
